Map: Bel'Shir Vestige LE (Void)

Players

Indy

  • Race: Protoss Protoss
  • League: Grandmaster
  • Spawn Location: 11:00

IIIIIIIIII - Winner!

  • Race: Zerg Zerg
  • League: Master
  • Spawn Location: 5:00

VOD

Have the link to the VOD?

Description

Time

  • Played on: April 10, 2017, 4:26 p.m.
  • Length: 10:17
Show
View Real Time Build Order
Export as new Build Order

Indy Protoss 

Build Orders: 1 Gate Expand, Zealot Archon, Dark Templar Rush 

Get SALT Encoding   

  12  0:00  Probe (Chrono Boost)  
  13  0:11  Probe (Chrono Boost)  
  14  0:19  Pylon  
  14  0:21  Probe (Chrono Boost)  
  15  0:37  Probe (Chrono Boost)  
  15  0:40  Gateway  
  16  0:43  Assimilator  
  16  0:48  Probe (Chrono Boost)  
  17  0:58  Probe (Chrono Boost)  
  18  1:09  Probe (Chrono Boost)  
  19  1:22  Nexus  
  19  1:24  Probe (Chrono Boost)  
  20  1:36  Cybernetics Core, Probe (Chrono Boost)  
  21  1:46  Assimilator  
  21  1:47  Probe (Chrono Boost)  
  21  1:53  Pylon  
  22  1:58  Probe (Chrono Boost)  
  23  2:08  Adept  
  23  2:12  Warp Gate, Probe (Chrono Boost)  
  26  2:25  Probe (Chrono Boost)  
  27  2:31  Twilight Council  
  27  2:32  Stalker  
  27  2:34  Probe (Chrono Boost)  
  27  2:37  Probe (Chrono Boost)  
  31  2:44  Probe (Chrono Boost)  
  31  2:49  Probe (Chrono Boost)  
  33  2:55  Probe (Chrono Boost)  
  33  2:58  Robotics Facility  
  34  3:00  Probe (Chrono Boost)  
  35  3:06  Probe (Chrono Boost)  
  35  3:11  Probe (Chrono Boost)  
  37  3:16  Probe (Chrono Boost)  
  38  3:21  Probe (Chrono Boost)  
  38  3:23  Dark Shrine  
  38  3:27  Probe (Chrono Boost)  
  40  3:32  Probe (Chrono Boost)  
  41  3:34  Gateway  
  41  3:36  Pylon  
  41  3:38  Probe (Chrono Boost)  
  41  3:40  Warp Prism  
  42  3:42  Probe (Chrono Boost)  
  46  3:50  Probe (Chrono Boost)  
  46  3:51  Assimilator  
  46  3:53  Assimilator  
  46  3:55  Probe (Chrono Boost)  
  47  4:00  Pylon  
  47  4:03  Mothership Core (Chrono Boost)  
  47  4:05  Probe (Chrono Boost)  
  48  4:11  Gateway  
  48  4:12  Gateway  
  48  4:15  Observer  
  48  4:16  Probe (Chrono Boost)  
  49  4:17  Pylon  
  49  4:23  Probe (Chrono Boost)  
  51  4:27  Probe (Chrono Boost)  
  52  4:34  Dark Templar  
  52  4:35  Dark Templar, Probe (Chrono Boost)  
  57  4:41  Immortal  
  57  4:45  Pylon  
  61  4:59  Resonating Glaives  
  59  5:01  Archon  
  59  5:07  Gateway x2  
  59  5:10  Dark Templar  
  59  5:11  Zealot x2  
  59  5:12  Gateway  
  59  5:13  Gateway  
  65  5:14  Dark Templar  
  65  5:18  Pylon  
  65  5:19  Archon  
  67  5:26  Immortal  
  71  5:36  Pylon  
  71  5:41  Sentry  
  71  5:42  Sentry  
  75  5:43  Zealot  
  77  6:02  Adept  
  79  6:04  Immortal  
  79  6:10  Sentry  
  87  6:12  Adept  
  87  6:13  Adept x2  
  91  6:20  Nexus  
  91  6:22  Pylon  
  91  6:26  Pylon  
  91  6:42  Adept x2  
  91  6:43  Sentry x2  
  91  6:44  Adept x4  
  95  6:56  Immortal  
  95  6:58  Probe x2 (Chrono Boost)  
  95  7:00  Robotics Facility  
  101  7:12  Adept x4  
  109  7:32  Pylon  
  109  7:33  Sentry  
  109  7:34  Adept x4  
  109  7:35  Adept  
  119  7:43  Adept, Probe x2 (Chrono Boost)  
  110  8:03  Adept x6  
  100  8:07  Adept x4  
  100  8:09  Adept  
  100  8:10  Adept  
  107  8:16  Sentry, Adept  
  105  8:30  Adept x6  
  112  8:47  Adept x2  
  89  9:00  Adept  
  89  9:01  Adept x4  
  81  9:03  Warp Prism  
  77  9:13  Sentry  
  51  9:48  Adept  
  51  9:49  Adept x6  
  57  10:05  Stalker  
  57  10:13  Stalker x2  
Show
View Real Time Build Order
Export as new Build Order

IIIIIIIIII Zerg - Winner!

Build Orders: Hatch First 

Get SALT Encoding   

  12  0:02  Drone  
  13  0:14  Overlord  
  13  0:17  Drone  
  14  0:32  Drone x2  
  16  0:48  Hatchery  
  15  0:53  Drone  
  15  0:55  Drone  
  17  0:58  Drone  
  18  1:09  Extractor  
  17  1:14  Spawning Pool  
  17  1:18  Drone  
  17  1:21  Drone  
  18  1:30  Drone  
  19  1:40  Drone  
  20  1:55  Hatchery  
  19  2:01  Queen  
  19  2:04  Drone x2  
  23  2:12  Metabolic Boost  
  23  2:17  Overlord  
  23  2:22  Drone  
  24  2:30  Queen  
  24  2:35  Drone  
  24  2:36  Drone  
  28  2:40  Zergling x2  
  28  2:41  Zergling x2  
  30  2:46  Drone x2  
  30  2:48  Drone  
  33  2:54  Drone  
  34  3:00  Drone  
  34  3:04  Drone  
  36  3:15  Zergling x4  
  36  3:16  Drone x2, Overlord  
  39  3:28  Queen  
  39  3:30  Overlord  
  39  3:33  Lair  
  39  3:34  Queen  
  41  3:36  Drone  
  41  3:37  Spore Crawler  
  43  3:45  Drone x6  
  49  3:49  Drone  
  49  3:50  Drone  
  49  4:03  Zergling x12  
  55  4:10  Drone  
  55  4:11  Extractor, Drone, Roach Warren  
  55  4:15  Drone  
  56  4:19  Spore Crawler  
  56  4:21  Drone x3  
  56  4:22  Spore Crawler  
  56  4:23  Drone  
  58  4:32  Overlord x2  
  58  4:37  Overlord  
  56  4:53  Roach x4  
  56  4:56  Overlord  
  56  4:57  Drone x6  
  66  5:03  Glial Reconstitution  
  65  5:09  Drone x4  
  69  5:20  Extractor  
  68  5:22  Roach x7  
  68  5:27  Roach  
  84  5:32  Roach  
  86  5:39  Roach  
  86  5:41  Overlord x3  
  86  5:42  Drone  
  89  5:44  Overlord  
  89  5:49  Overlord  
  89  5:53  Extractor  
  87  5:57  Drone x2  
  87  6:01  Drone x5  
  87  6:03  Roach x2  
  87  6:04  Roach  
  97  6:05  Roach  
  97  6:07  Roach  
  99  6:12  Roach  
  103  6:18  Roach  
  103  6:19  Roach x6  
  103  6:21  Roach  
  103  6:23  Roach  
  119  6:28  Zergling x2  
  119  6:30  Zergling x2  
  119  6:31  Ravager x2  
  123  6:34  Zergling x8  
  125  6:41  Zergling x2  
  125  6:42  Ravager  
  125  6:44  Zergling x6  
  125  6:45  Zergling x4  
  129  6:49  Zergling x2  
  130  6:58  Overlord x2  
  130  7:02  Overlord  
  130  7:06  Overlord  
  129  7:19  Roach x7  
  142  7:24  Spire  
  126  7:45  Drone x5  
  126  7:46  Extractor  
  126  7:48  Drone x5  
  126  7:50  Extractor  
  128  8:01  Roach x9  
  128  8:02  Ravager x4  
  139  8:15  Zergling x2  
  139  8:16  Zergling x8  
  135  8:33  Zergling x2  
  134  8:36  Ravager x2  
  134  8:38  Zergling x6  
  134  8:40  Zergling x16  
  144  8:45  Zergling x2  
  116  8:57  Hatchery  
  116  8:58  Zergling x18  
  104  9:08  Roach  
  104  9:09  Roach x2  
  99  9:13  Roach  
  101  9:22  Roach x5  
  96  9:30  Mutalisk  
  96  9:31  Mutalisk  
  93  9:35  Mutalisk  
  93  9:36  Mutalisk  
  85  9:40  Mutalisk  
  85  9:41  Roach, Mutalisk x4  
  90  9:46  Mutalisk  
  90  9:50  Mutalisk  
  90  9:51  Zergling x8  
  96  9:56  Zergling x2  
Tags
 
Add a new tag
Caveats
  • Supply blocks, unpowered buildings, or Contaminate may cause inaccurate times.
  • Supply counts are checked every 10 seconds.